 Dungeon Crawl Stone Soup version 0.30.0-21-gd299b56b3f (webtiles) character file.

Game seed: 2805033239018671674

101532 qw the Severer (level 16, -7/104 HPs)
             Began as a Gargoyle Fighter on June 2, 2023.
             Was an Elder of Okawaru.
             Killed by divine providence
             ... invoked by an orc priest
              (12 damage)
             ... on level 2 of the Orcish Mines.
             The game lasted 00:12:45 (22702 turns).

qw the Severer (Gargoyle Fighter)                  Turns: 22702, Time: 00:12:46

Health: -7/104     AC: 37    Str: 28    XL:     16   Next: 30%
Magic:  22/23      EV: 21    Int:  9    God:    Okawaru [****..]
Gold:   495        SH:  9    Dex:  9    Spells: 15/15 levels left

rFire   + . .        t - +7 broad axe (venom)
rCold   + . .        c - +2 buckler {rC+ rF+}
rNeg    + + .        s - +3 plate armour {rN+}
rPois   inf          a - +1 helmet
rElec   +            F - scarf {repulsion}
rCorr   .            (no gloves)
SInv    .            u - +0 pair of boots
Will    +....        m - amulet of faith Stlth
                     l - +5 ring of evasion
HPRegen 0.37/turn    G - +5 ring of evasion
MPRegen 0.18/turn

%: repel missiles, faith
@: about to teleport, heroic, flying
A: sickness immunity, AC +12, big wings, negative energy resistance 1,
electricity resistance, torment resistance 1, petrification resistance
a: Renounce Religion, Heroism, Finesse


You were on level 2 of the Orcish Mines.
You worshipped Okawaru.
Okawaru was greatly pleased with you.
You visited 4 branches of the dungeon, and saw 23 of its levels.
You also visited: Sewer.

You collected 2244 gold pieces.
You spent 1749 gold pieces at shops.


Innate Abilities, Weirdness & Mutations

You are immune to sickness and miasma.
Your stone body is resilient. (AC +12)
You are immune to poison.
Your large and strong wings let you fly.
You resist negative energy. (rN+)
You are resistant to electric shocks. (rElec)
You are resistant to unholy torment.
You are immune to petrification.


   Skills:
 - Level 13.0(18.0) Fighting
 + Level 17.4(22.4) Axes
 - Level 7.0(12.0) Throwing
 - Level 12.0(17.0) Armour
 - Level 7.8(12.8) Dodging
 - Level 8.1(13.1) Shields
 - Level 10.0 Invocations


You had 15 spell levels left.
You didn't know any spells.
Your spell library was empty.

Inventory:

Hand Weapons
 o - a +0 war axe of flaming
 t - a +7 broad axe of venom (weapon)
Missiles
 n - 3 boomerangs of dispersal
 p - 7 javelins
 y - a silver javelin (quivered)
 E - 5 boomerangs
Armour
 a - a +1 helmet (worn)
 c - a +2 buckler of resistance (worn)
 s - a +3 plate armour of positive energy (worn)
 u - a +0 pair of boots (worn)
 x - a +0 cloak
 B - a +1 chain mail of fire resistance
 C - the +3 warlock's mirror {omnireflect}
   (Okawaru gifted it to you on level 3 of the Lair of Beasts)

   Omnireflect: It can block and reflect piercing ranged attacks and magical
   attacks against the wielder's willpower.
 F - a scarf of repulsion (worn)
Jewellery
 f - a ring of protection from fire
 l - a +5 ring of evasion (left hand)
 m - an amulet of faith (around neck)
 r - the amulet "Tudgh" {Reflect Str+3 SH+5}
   (You took it off a gnoll on level 3 of the Dungeon)

   [amulet of reflection]

   It reflects blocked missile attacks.
   Str:       It affects your strength (+3).
   SH:        It affects your SH (+5).
 w - a ring of ice
 A - a ring of fire
 G - a +5 ring of evasion (right hand)
Scrolls
 e - 10 scrolls of teleportation
 h - 11 scrolls of identify
Potions
 b - 6 potions of attraction
 d - 4 potions of might
 g - 2 potions of cancellation
 i - 5 potions of haste
 j - 3 potions of heal wounds
 k - 2 potions of lignification
 q - 3 potions of mutation
 v - 3 potions of magic
 z - 9 potions of curing
 D - a potion of resistance

Dungeon Overview and Level Annotations

Branches:
Dungeon (15/15)            Temple (1/1) D:7            Lair (5/5) D:8
 Shoals (0/4) Lair:2       Spider (0/4) Lair:3        Slime (0/5) Lair:4
    Orc (2/2) D:11            Elf (0/3) Orc:2        Vaults (0/5) D:14
 Depths (0/4) D:15          Sewer (visited)

Altars:
Ashenzari
Cheibriados
Dithmenos
Elyvilon
Fedhas
Gozag
Hepliaklqana
Kikubaaqudgha
Makhleb
Nemelex Xobeh
Okawaru
Qazlal
Ru
Sif Muna
Trog
Uskayaw
Vehumet
Wu Jian
Xom
Yredelemnul
Zin
The Shining One
Jiyva

Shops:
D:2 *   D:7 (   D:8 *   D:15 ?[:(*   Orc:2 =

Annotations:
D:5 3 runed translucent doors, qw's ghost, novice GrFi
Lair:4 1 runed translucent door, qw's ghost, journeyman GrFi
Lair:5 4 runed translucent doors, qw's ghost, journeyman GrFi
Orc:1 1 runed translucent door, qw's ghost, adept GrFi


Message History

You slice the orc priest!!
You kill the orc priest!
Okawaru accepts your kill.
You hit the orc.
The orc is poisoned.
You slash the orc!
You kill the orc!
The orc barely misses you.
The orc priest looks encouraged for a moment.
The orc priest mumbles some strange prayers to Beogh against you.
Beogh smites you!
You closely miss the orc.
The orc is heavily wounded.
You closely miss the orc. You slash the orc priest!
You kill the orc priest!
Okawaru accepts your kill.
You slice the orc!!
You kill the orc!
You closely miss the orc. You slice the orc priest!!
You kill the orc priest!
Okawaru accepts your kill.
You slash the orc!
You kill the orc!
You slash the orc!
You kill the orc!
The orc priest looks encouraged for a moment.
An orc comes into view. It is wielding a +0 whip.
You barely miss the orc priest.
The orc priest invokes the aid of Beogh against you.
Beogh smites you!
The orc priest invokes the aid of Beogh against you.
Beogh smites you!
22702 ||| READING 11 scrolls of teleportation.
As you read the scroll of teleportation, it crumbles to dust.
You feel strangely unstable. You block the orc priest's attack.
The orc priest mumbles some strange prayers to Beogh against you.
Pain shoots through your body!
The orc priest calls down the wrath of Beogh upon you.
Beogh smites you!
You die...

### ##.. #.## ##.... ...# #....o.
...## ###..... #%#.##
###.#.#.#.#. .....##
##..)ooo..... #.#...##
#....@ooo....
###....######..))o...... #
##....##......#.#.#.#.
#####..##.......#.....
##..#..#........##......
#...............# ##....
#...............# ##..
..\.............#
.....#........###################


You could see an orc warrior, 5 orc priests and 2 orcs.

Vanquished Creatures
  Rupert (D:13)
  Gastronok (D:8)
  An orc warlord (Orc:2)
  Nessos (D:15)
  Harold (Orc:1)
  4 vault guards (D:14)
  Erolcha (Orc:1)
  9 hydras
  6 centaur warriors
  5 catoblepae
  Erica (Orc:1)
  2 ogre magi
  5 boulder beetles
  8 two-headed ogres
  A tengu warrior (D:13)
  Urug (Orc:1)
  An orc high priest (Orc:2)
  5 death yaks (Lair:5)
  A soul eater (D:13)
  Nergalle (D:12)
  A sixfirhy (D:13)
  4 skeletal warriors
  3 skysharks
  A lindwurm (Lair:5)
  Pikel (D:4)
  A necromancer (D:15)
  3 orc knights
  3 deep elf pyromancers (D:15)
  6 cyclopes
  2 orc sorcerers (Orc:2)
  5 ugly things
  4 manticores
  Maurice (D:13)
  A rust devil (D:13)
  Joseph (D:9)
  12 elephants
  5 black mambas
  6 torpor snails (Lair:5)
  A smoke demon (D:13)
  A centaur zombie (D:15)
  2 naga magi (D:15)
  An unseen horror (D:12)
  A gargoyle (D:10)
  10 cane toads
  Maggie (D:7)
  3 kobold demonologists
  5 yaktaurs
  2 tengu conjurers
  3 rime drakes
  8 komodo dragons
  2 red devils (D:13)
  A polar bear (Lair:4)
  9 trolls
  A hellwing (D:13)
  6 hornets (Lair:5)
  Grinder (D:5)
  4 tyrant leeches (Lair:5)
  18 blink frogs
  13 dream sheep
  2 centaur simulacra
  8 slime creatures
  4 wyverns
  2 ynoxinuls (D:13)
  A human (D:14)
  5 wraiths
  7 basilisks
  24 yaks
  A steam dragon (Lair:1)
  A chaos spawn (D:13)
  2 vampire mosquitoes (D:13)
  Menkaure (D:6)
  2 wargs (Orc:2)
  21 water moccasins
  An acid dragon (D:12)
  A sky beast (D:6)
  3 black bears (D:6)
  23 orc warriors
  4 ice beasts
  19 wolves
  9 ogres
  6 centaurs
  A phantom (D:4)
  2 lemures (D:4)
  2 kobold brigands
  A gnoll sergeant (D:5)
  10 bullfrogs
  6 scorpions
  16 killer bees
  12 wights
  6 electric eels
  8 howler monkeys
  5 jellies
  3 gnoll boudas
  32 orc priests
  3 hounds
  Ijyb (D:4)
  26 orc wizards
  4 sleepcaps
  Natasha (D:3)
  3 iguanas
  Robin (D:2)
  15 gnolls
  12 adders
  2 river rats (D:3)
  3 shadow imps
  A white imp (D:6)
  2 ufetubi
  A worm (D:4)
  3 dart slugs
  90 orcs
  10 ball pythons
  5 bats
  15 endoplasms
  11 giant cockroaches
  21 goblins
  12 hobgoblins
  11 jackals
  7 quokkas
  14 frilled lizards
  10 kobolds
  10 rats
754 creatures vanquished.

Vanquished Creatures (others)
  A gargoyle (D:11)
  A ynoxinul (D:13)
2 creatures vanquished.

Grand Total: 756 creatures vanquished

Notes
Turn   | Place    | Note
-------+----------+-------------------------------------------
     0 | D:1      | qw the Gargoyle Fighter began the quest for the Orb.
     0 | D:1      | Reached XP level 1. HP: 14/14 MP: 1/1
     0 | D:1      | 0 ||| qw: Version: 0.2-a-102-gdf20003
     0 | D:1      | 0 ||| qw: Game counter: 830
     0 | D:1      | 0 ||| qw: Always use a shield: true
     0 | D:1      | 0 ||| qw: God list: Okawaru
     0 | D:1      | 0 ||| qw: Allow faded altars: false
     0 | D:1      | 0 ||| qw: Do Orc after D:15 true
     0 | D:1      | 0 ||| qw: Do second Lair branch before Depths: true
     0 | D:1      | 0 ||| qw: Lair rune preference: random
     0 | D:1      | 0 ||| qw: Plans: Normal, Zot:1-4, Slime:5, God:TSO, Crypt,
                  | Tomb, Pan, Hells, Abyss, Win
     0 | D:1      | 0 ||| PLANNING D:1-11
    13 | D:1      | 13 ||| Stepping ~*~*~tactically~*~*~ (stealth).
    22 | D:1      | Reached skill level 2 in Axes
    30 | D:1      | Reached XP level 2. HP: 5/19 MP: 2/2
    33 | D:1      | HP: 4/19 [jackal (1)]
    82 | D:1      | 82 ||| FLEEEEING.
    83 | D:1      | 83 ||| FLEEEEING.
    84 | D:1      | 84 ||| FLEEEEING.
   160 | D:1      | 160 ||| Stepping ~*~*~tactically~*~*~ (stealth).
   183 | D:1      | 183 ||| Stepping ~*~*~tactically~*~*~ (stealth).
   260 | D:1      | Found a faded altar of an unknown god.
   300 | D:1      | 300 ||| Stepping ~*~*~tactically~*~*~ (hiding).
   301 | D:1      | 301 ||| Stepping ~*~*~tactically~*~*~ (hiding).
   312 | D:1      | Reached skill level 3 in Axes
   314 | D:1      | 314 ||| Stepping ~*~*~tactically~*~*~ (stealth).
   316 | D:1      | 316 ||| FLEEEEING.
   317 | D:1      | 317 ||| Stepping ~*~*~tactically~*~*~ (stealth).
   370 | D:1      | Reached XP level 3. HP: 23/23 MP: 3/3
   475 | D:1      | 475 ||| Stepping ~*~*~tactically~*~*~ (stealth).
   476 | D:1      | 476 ||| Stepping ~*~*~tactically~*~*~ (stealth).
   477 | D:1      | 477 ||| Stepping ~*~*~tactically~*~*~ (stealth).
   478 | D:1      | 478 ||| Stepping ~*~*~tactically~*~*~ (stealth).
   611 | D:1      | 611 ||| Stepping ~*~*~tactically~*~*~ (stealth).
   612 | D:1      | 612 ||| Stepping ~*~*~tactically~*~*~ (stealth).
   617 | D:1      | 617 ||| Stepping ~*~*~tactically~*~*~ (stealth).
   863 | D:1      | 863 ||| DROPPING +0 club.
   960 | D:1      | 960 ||| UPGRADING to +0 chain mail.
   970 | D:1      | 970 ||| DROPPING +0 scale mail.
   971 | D:1      | 971 ||| UPGRADING to amulet of faith.
   976 | D:1      | 976 ||| READING scroll labelled PIWUIPP WENIFO.
   981 | D:1      | 981 ||| READING 2 scrolls labelled ENERCH BANID.
   982 | D:1      | 982 ||| READING scroll labelled PYRITAX WARAM.
   983 | D:1      | 983 ||| DRINKING 2 pink potions.
   984 | D:1      | 984 ||| DRINKING 2 smoky orange potions.
   994 | D:2      | Noticed Robin
  1006 | D:2      | Reached XP level 4. HP: 17/28 MP: 4/4
  1013 | D:2      | Reached skill level 4 in Axes
  1015 | D:2      | HP: 6/28 [dart slug/slug dart (3)]
  1018 | D:2      | Killed Robin
  1022 | D:2      | 1022 ||| FLEEEEING.
  1023 | D:2      | 1023 ||| STAIRDANCE
  1113 | D:2      | 1113 ||| STAIRDANCE
  1168 | D:2      | Found Hownisis's Assorted Antiques.
  1184 | D:2      | 1184 ||| BUYING 2 scrolls labelled EBUXTYK HEARA (50 gold).
  1184 | D:2      | Bought 2 scrolls labelled EBUXTYK HEARA for 50 gold pieces
  1184 | D:2      | 1184 ||| SHOPLISTING bone wand (100 gold, have 8).
  1184 | D:2      | 1184 ||| SHOPLISTING bubbling coppery potion (22 gold, have
                  | 8).
  1184 | D:2      | 1184 ||| SHOPLISTING clear potion (22 gold, have 8).
  1184 | D:2      | 1184 ||| SHOPLISTING garnet ring (125 gold, have 8).
  1184 | D:2      | 1184 ||| SHOPLISTING scroll labelled CAMOEBEKIH (25 gold,
                  | have 8).
  1184 | D:2      | 1184 ||| SHOPLISTING scroll of identify (50 gold, have 8).
  1184 | D:2      | 1184 ||| SHOPLISTING scroll of teleportation (75 gold, have
                  | 8).
  1191 | D:2      | 1191 ||| Stepping ~*~*~tactically~*~*~ (hiding).
  1253 | D:2      | 1253 ||| READING scroll of brand weapon.
  1253 | D:2      | 1253 ||| BRANDING +0 war axe of venom.
  1488 | D:2      | Reached XP level 5. HP: 32/32 MP: 5/5
  1538 | D:2      | 1538 ||| UPGRADING to +0 helmet.
  1543 | D:2      | 1543 ||| DROPPING ring of flight.
  1544 | D:2      | 1544 ||| READING 2 scrolls labelled EBUXTYK HEARA.
  1545 | D:2      | 1545 ||| READING scroll of enchant weapon.
  1545 | D:2      | 1545 ||| ENCHANTING +1 heavy war axe.
  1546 | D:2      | 1546 ||| DRINKING 3 viscous orange potions.
  1547 | D:2      | 1547 ||| DRINKING 2 dark potions.
  1565 | D:3      | 1565 ||| PLANNING SEWER
  1586 | D:3      | Identified the amulet "Tudgh" {Reflect Str+3 SH+5}
  1612 | D:3      | 1612 ||| Stepping ~*~*~tactically~*~*~ (hiding).
  1638 | D:3      | 1638 ||| Stepping ~*~*~tactically~*~*~ (stealth).
  1654 | D:3      | 1654 ||| DROPPING +0 whip.
  1712 | D:3      | 1712 ||| Stepping ~*~*~tactically~*~*~ (stealth).
  1714 | D:3      | Noticed Natasha
  1715 | D:3      | Reached skill level 5 in Axes
  1715 | D:3      | 1715 ||| Stepping ~*~*~tactically~*~*~ (hiding).
  1717 | D:3      | 1717 ||| Stepping ~*~*~tactically~*~*~ (hiding).
  1718 | D:3      | 1718 ||| Stepping ~*~*~tactically~*~*~ (hiding).
  1719 | D:3      | 1719 ||| Stepping ~*~*~tactically~*~*~ (hiding).
  1727 | D:3      | Killed Natasha
  1733 | D:3      | 1733 ||| FLEEEEING.
  1742 | D:3      | 1742 ||| Stepping ~*~*~tactically~*~*~ (stealth).
  1748 | D:3      | 1748 ||| Stepping ~*~*~tactically~*~*~ (stealth).
  1797 | D:3      | 1797 ||| Stepping ~*~*~tactically~*~*~ (stealth).
  1814 | D:3      | Identified the +9 quarterstaff of Chance {freeze, rElec}
  2029 | D:3      | Reached XP level 6. HP: 38/38 MP: 6/6
  2071 | D:3      | Found a glowing drain.
  2075 | D:3      | 2075 ||| DROPPING amulet of the acrobat.
  2076 | D:3      | 2076 ||| UPGRADING to +6 ring of dexterity.
  2077 | D:3      | 2077 ||| READING 2 scrolls labelled TEIGUU ZYIN.
  2078 | D:3      | 2078 ||| READING scroll labelled OTRODI WOME.
  2079 | D:3      | 2079 ||| DRINKING 2 murky dark potions.
  2079 | D:3      | Reached skill level 12 in Axes
  2079 | D:3      | Reached XP level 7. HP: 43/43 MP: 7/7
  2080 | D:3      | 2080 ||| DRINKING potion of experience.
  2080 | D:3      | Reached XP level 8. HP: 48/48 MP: 8/8
  2081 | D:3      | 2081 ||| DROPPING scroll of fear.
  2085 | Sewer    | Entered a sewer
  2196 | Sewer    | 2196 ||| Stepping ~*~*~tactically~*~*~ (stealth).
  2214 | Sewer    | 2214 ||| Stepping ~*~*~tactically~*~*~ (water).
  2265 | Sewer    | 2265 ||| Stepping ~*~*~tactically~*~*~ (water).
  2381 | D:3      | 2381 ||| PLANNING D:1-11
  2487 | D:4      | 2487 ||| Stepping ~*~*~tactically~*~*~ (hiding).
  2596 | D:4      | 2596 ||| Stepping ~*~*~tactically~*~*~ (hiding).
  2601 | D:4      | 2601 ||| Stepping ~*~*~tactically~*~*~ (hiding).
  2677 | D:4      | 2677 ||| Stepping ~*~*~tactically~*~*~ (stealth).
  2679 | D:4      | 2679 ||| Stepping ~*~*~tactically~*~*~ (hiding).
  2680 | D:4      | 2680 ||| Stepping ~*~*~tactically~*~*~ (hiding).
  2789 | D:4      | 2789 ||| Stepping ~*~*~tactically~*~*~ (hiding).
  2838 | D:4      | 2838 ||| Stepping ~*~*~tactically~*~*~ (stealth).
  2842 | D:4      | Noticed Ijyb
  2843 | D:4      | Noticed Pikel
  2844 | D:4      | 2844 ||| Stepping ~*~*~tactically~*~*~ (hiding).
  2845 | D:4      | 2845 ||| Stepping ~*~*~tactically~*~*~ (hiding).
  2852 | D:4      | Killed Pikel
  2853 | D:4      | Killed Ijyb
  2961 | D:4      | Reached XP level 9. HP: 52/52 MP: 9/9
  3048 | D:4      | Identified the +0 leather armour "Otoowy" {-Cast +Inv
                  | Regen+}
  3136 | D:4      | Identified the +6 war axe of the Teaching Visionary {drain,
                  | Int+2 Dex+2}
  3144 | D:4      | 3144 ||| Stepping ~*~*~tactically~*~*~ (hiding).
  3146 | D:4      | 3146 ||| SWAPPING to +6 war axe of the Teaching Visionary
                  | {drain, Int+2 Dex+2}.
  3153 | D:4      | You fall into a shaft and drop 3 floors!
  3154 | D:7      | 3154 ||| DROPPING +2 heavy war axe.
  3155 | D:7      | 3155 ||| DROPPING orb of guile.
  3156 | D:7      | 3156 ||| UPGRADING to +0 cloak.
  3161 | D:7      | 3161 ||| READING scroll labelled FECHIA ABEBLAWK.
  3162 | D:7      | 3162 ||| READING scroll labelled CAMOEBEKIH.
  3163 | D:7      | 3163 ||| DRINKING 2 fuming orange potions.
  3191 | D:7      | 3191 ||| READING 3 scrolls of identify.
  3191 | D:7      | 3191 ||| IDENTIFYING yellow potion
  3192 | D:7      | 3192 ||| READING 2 scrolls of identify.
  3192 | D:7      | 3192 ||| IDENTIFYING purple potion
  3193 | D:7      | 3193 ||| DROPPING potion of magic.
  3194 | D:7      | 3194 ||| DROPPING potion of flight.
  3197 | D:7      | Found a staircase to the Ecumenical Temple.
  3287 | D:6      | 3287 ||| Stepping ~*~*~tactically~*~*~ (stealth).
  3294 | D:6      | 3294 ||| Stepping ~*~*~tactically~*~*~ (stealth).
  3307 | D:6      | Noticed Menkaure
  3308 | D:6      | Noticed a two-headed ogre
  3308 | D:6      | 3308 ||| Stepping ~*~*~tactically~*~*~ (stealth).
  3313 | D:6      | Killed Menkaure
  3331 | D:6      | Killed a two-headed ogre
  3332 | D:6      | Reached skill level 6 in Fighting
  3336 | D:6      | 3336 ||| Stepping ~*~*~tactically~*~*~ (stealth).
  3337 | D:6      | 3337 ||| Stepping ~*~*~tactically~*~*~ (stealth).
  3407 | D:6      | Reached XP level 10. HP: 60/60 MP: 10/10
  3520 | D:6      | 3520 ||| Stepping ~*~*~tactically~*~*~ (stealth).
  3586 | D:6      | 3586 ||| READING 3 scrolls of identify.
  3586 | D:6      | 3586 ||| IDENTIFYING red potion
  3587 | D:6      | 3587 ||| READING 2 scrolls of identify.
  3587 | D:6      | 3587 ||| IDENTIFYING bubbling coppery potion
  3588 | D:6      | 3588 ||| DROPPING potion of brilliance.
  3597 | D:5      | Entered Level 5 of the Dungeon
  3955 | D:5      | Noticed Grinder
  3978 | D:5      | Killed Grinder
  4080 | D:5      | 4080 ||| FLEEEEING.
  4081 | D:5      | 4081 ||| FLEEEEING.
  4082 | D:5      | 4082 ||| FLEEEEING.
  4083 | D:5      | 4083 ||| FLEEEEING.
  4084 | D:5      | 4084 ||| FLEEEEING.
  4085 | D:5      | 4085 ||| FLEEEEING.
  4086 | D:5      | 4086 ||| FLEEEEING.
  4087 | D:5      | 4087 ||| FLEEEEING.
  4088 | D:5      | 4088 ||| FLEEEEING.
  4089 | D:5      | 4089 ||| FLEEEEING.
  4090 | D:5      | 4090 ||| FLEEEEING.
  4092 | D:5      | 4092 ||| FLEEEEING.
  4093 | D:5      | 4093 ||| FLEEEEING.
  4094 | D:5      | 4094 ||| FLEEEEING.
  4095 | D:5      | 4095 ||| FLEEEEING.
  4096 | D:5      | 4096 ||| FLEEEEING.
  4097 | D:5      | 4097 ||| FLEEEEING.
  4098 | D:5      | 4098 ||| FLEEEEING.
  4099 | D:5      | 4099 ||| FLEEEEING.
  4100 | D:5      | 4100 ||| FLEEEEING.
  4101 | D:5      | 4101 ||| FLEEEEING.
  4105 | D:5      | 4105 ||| FLEEEEING.
  4106 | D:5      | 4106 ||| FLEEEEING.
  4107 | D:5      | 4107 ||| FLEEEEING.
  4335 | D:5      | 4335 ||| Stepping ~*~*~tactically~*~*~ (stealth).
  4543 | D:5      | 4543 ||| DROPPING +0 flail.
  4755 | D:5      | Found a runed translucent gate.
  4755 | D:5      | Found a runed translucent gate.
  4756 | D:5      | Found a runed translucent gate.
  4757 | D:5      | Noticed qw's ghost (novice GrFi)
  4760 | D:5      | 4760 ||| DROPPING amulet of magic regeneration.
  4761 | D:5      | 4761 ||| READING scroll labelled KUSATH MENAHYMEDGH.
  4762 | D:5      | 4762 ||| DRINKING 2 lumpy dark potions.
  4763 | D:5      | 4763 ||| DRINKING 2 clear potions.
  4764 | D:5      | 4764 ||| DROPPING potion of degeneration.
  4966 | D:6      | 4966 ||| Stepping ~*~*~tactically~*~*~ (stealth).
  4973 | D:6      | 4973 ||| FLEEEEING.
  4974 | D:6      | 4974 ||| FLEEEEING.
  4975 | D:6      | 4975 ||| FLEEEEING.
  4976 | D:6      | 4976 ||| FLEEEEING.
  4979 | D:6      | 4979 ||| FLEEEEING.
  4980 | D:6      | 4980 ||| FLEEEEING.
  4981 | D:6      | 4981 ||| FLEEEEING.
  4982 | D:6      | 4982 ||| FLEEEEING.
  4983 | D:6      | 4983 ||| FLEEEEING.
  5016 | D:6      | 5016 ||| DROPPING +1 flail of holy wrath.
  5248 | D:6      | 5248 ||| DROPPING +1 hat.
  5249 | D:6      | 5249 ||| UPGRADING to ring of protection from fire.
  5260 | D:7      | 5260 ||| PLANNING TEMPLE
  5266 | Temple   | Entered the Ecumenical Temple
  5312 | Temple   | 5312 ||| PLANNING OKAWARU WORSHIP
  5383 | Temple   | Became a worshipper of Warmaster Okawaru
  5383 | Temple   | 5383 ||| PLANNING D:1-11
  5451 | D:7      | Noticed Maggie
  5452 | D:7      | 5452 ||| Stepping ~*~*~tactically~*~*~ (hiding).
  5467 | D:7      | Killed Maggie
  5556 | D:7      | 5556 ||| Stepping ~*~*~tactically~*~*~ (stealth).
  5558 | D:7      | 5558 ||| Stepping ~*~*~tactically~*~*~ (stealth).
  5574 | D:7      | Reached * piety under Okawaru
  5575 | D:7      | 5575 ||| INVOKING Heroism.
  5770 | D:7      | Found a white marble altar of Elyvilon.
  5770 | D:7      | Found a radiant altar of Vehumet.
  5775 | D:7      | Found a snail-covered altar of Cheibriados.
  5778 | D:7      | Found an ancient bone altar of Kikubaaqudgha.
  5780 | D:7      | Found a glowing silver altar of Zin.
  5785 | D:7      | Found a shadowy altar of Dithmenos.
  5814 | D:7      | Found the +4 robe of Augmentation {Str+4 Int+4 Dex+4}
  5879 | D:7      | 5879 ||| Stepping ~*~*~tactically~*~*~ (hiding).
  5897 | D:7      | 5897 ||| Stepping ~*~*~tactically~*~*~ (stealth).
  5952 | D:7      | 5952 ||| Stepping ~*~*~tactically~*~*~ (hiding).
  5972 | D:7      | 5972 ||| Stepping ~*~*~tactically~*~*~ (stealth).
  5973 | D:7      | 5973 ||| Stepping ~*~*~tactically~*~*~ (stealth).
  5975 | D:7      | 5975 ||| Stepping ~*~*~tactically~*~*~ (stealth).
  6007 | D:7      | Found Viwory's Antique Weapon Boutique.
  6010 | D:7      | 6010 ||| Stepping ~*~*~tactically~*~*~ (hiding).
  6119 | D:7      | 6119 ||| BUYING glowing war axe (156 gold).
  6119 | D:7      | Bought a glowing war axe for 156 gold pieces
  6119 | D:7      | 6119 ||| DROPPING +1 war axe of electrocution.
  6387 | D:7      | 6387 ||| DROPPING +4 ring mail.
  6423 | D:8      | Reached skill level 1 in Invocations
  6539 | D:8      | 6539 ||| Stepping ~*~*~tactically~*~*~ (stealth).
  6551 | D:8      | Reached ** piety under Okawaru
  6587 | D:8      | Found a staircase to the Lair.
  6695 | D:8      | Noticed Gastronok
  6696 | D:8      | 6696 ||| INVOKING Heroism.
  6707 | D:8      | Killed Gastronok
  6708 | D:8      | Reached skill level 3 in Throwing
  6708 | D:8      | Reached skill level 3 in Invocations
  6708 | D:8      | Reached XP level 11. HP: 37/68 MP: 10/13
  6715 | D:8      | 6715 ||| FLEEEEING.
  6718 | D:8      | 6718 ||| STAIRDANCE
  6806 | D:7      | 6806 ||| UPGRADING to +0 pair of boots.
  6853 | D:8      | 6853 ||| INVOKING Heroism.
  6913 | D:8      | Found Voer's General Store.
  6975 | D:8      | 6975 ||| Stepping ~*~*~tactically~*~*~ (stealth).
  7225 | D:9      | Found a shimmering blue altar of Sif Muna.
  7243 | D:9      | 7243 ||| Stepping ~*~*~tactically~*~*~ (stealth).
  7246 | D:9      | 7246 ||| Stepping ~*~*~tactically~*~*~ (stealth).
  7260 | D:9      | 7260 ||| Stepping ~*~*~tactically~*~*~ (stealth).
  7262 | D:9      | Noticed Joseph
  7267 | D:9      | Reached *** piety under Okawaru
  7278 | D:9      | 7278 ||| INVOKING Heroism.
  7279 | D:9      | Killed Joseph
  7280 | D:9      | Reached skill level 6 in Armour
  7326 | D:9      | 7326 ||| Stepping ~*~*~tactically~*~*~ (stealth).
  7563 | D:9      | 7563 ||| Stepping ~*~*~tactically~*~*~ (hiding).
  7869 | D:9      | 7869 ||| UPGRADING to +0 plate armour.
  7879 | D:9      | 7879 ||| DROPPING +0 chain mail.
  7880 | D:9      | 7880 ||| DROPPING +6 ring of intelligence.
  7911 | D:9      | 7911 ||| Stepping ~*~*~tactically~*~*~ (stealth).
  7915 | D:9      | Reached **** piety under Okawaru
  7977 | D:8      | 7977 ||| PLANNING LAIR
  8024 | Lair:1   | Entered Level 1 of the Lair of Beasts
  8025 | Lair:1   | 8025 ||| INVOKING Heroism.
  8097 | Lair:1   | 8097 ||| INVOKING Heroism.
  8123 | Lair:1   | 8123 ||| INVOKING Heroism.
  8182 | Lair:1   | Noticed a catoblepas
  8183 | Lair:1   | 8183 ||| INVOKING Heroism.
  8197 | Lair:1   | Killed a catoblepas
  8318 | Lair:1   | 8318 ||| INVOKING Heroism.
  8339 | Lair:1   | 8339 ||| INVOKING Heroism.
  8363 | Lair:1   | Reached XP level 12. HP: 75/75 MP: 16/16
  8389 | Lair:1   | 8389 ||| INVOKING Heroism.
  8406 | Lair:1   | Reached skill level 6 in Invocations
  8411 | Lair:1   | 8411 ||| Stepping ~*~*~tactically~*~*~ (stealth).
  8418 | Lair:1   | 8418 ||| INVOKING Heroism.
  8421 | Lair:1   | Reached skill level 9 in Fighting
  8432 | Lair:1   | Reached ***** piety under Okawaru
  8451 | Lair:1   | 8451 ||| DROPPING +3 flail.
  8522 | Lair:1   | Identified the +9 quarterstaff of the Sharing Soothsayer
                  | {chaos, Fragile rN+ Will+}
  8534 | Lair:1   | 8534 ||| INVOKING Heroism.
  8646 | Lair:1   | 8646 ||| Stepping ~*~*~tactically~*~*~ (stealth).
  8648 | Lair:1   | 8648 ||| Stepping ~*~*~tactically~*~*~ (stealth).
  9035 | Lair:1   | 9035 ||| READING scroll labelled IGAPRO VAXTORA.
  9064 | Lair:2   | Reached skill level 9 in Armour
  9190 | Lair:2   | Found a staircase to the Shoals.
  9192 | Lair:2   | 9192 ||| INVOKING Heroism.
  9222 | Lair:2   | Found a hazy altar of Hepliaklqana.
  9517 | Lair:3   | Noticed a skyshark
  9527 | Lair:3   | 9527 ||| STAIRDANCE
  9530 | Lair:2   | Killed a skyshark
  9530 | Lair:2   | Received a gift from Okawaru
  9531 | Lair:2   | Reached skill level 6 in Shields
  9578 | Lair:3   | 9578 ||| Stepping ~*~*~tactically~*~*~ (hiding).
  9580 | Lair:3   | 9580 ||| Stepping ~*~*~tactically~*~*~ (hiding).
  9581 | Lair:3   | 9581 ||| Stepping ~*~*~tactically~*~*~ (hiding).
  9582 | Lair:3   | 9582 ||| Stepping ~*~*~tactically~*~*~ (hiding).
  9595 | Lair:3   | 9595 ||| Stepping ~*~*~tactically~*~*~ (stealth).
  9599 | Lair:3   | 9599 ||| Stepping ~*~*~tactically~*~*~ (stealth).
  9683 | Lair:3   | Received a gift from Okawaru
  9818 | Lair:3   | 9818 ||| Stepping ~*~*~tactically~*~*~ (stealth).
  9830 | Lair:3   | Reached skill level 9 in Invocations
 10217 | Lair:3   | Found a hole to the Spider Nest.
 10267 | Lair:3   | Received a gift from Okawaru
 10267 | Lair:3   | Found the +3 warlock's mirror {omnireflect}
 10488 | Lair:3   | 10488 ||| UPGRADING to +3 warlock's mirror {omnireflect}.
 10498 | Lair:3   | 10498 ||| DROPPING +0 buckler.
 10499 | Lair:3   | 10499 ||| READING scroll labelled JOBOW ICEHA.
 10500 | Lair:3   | 10500 ||| READING scroll labelled WACEDE XEXAYCK.
 10537 | Lair:4   | Noticed a six-headed hydra
 10538 | Lair:4   | 10538 ||| INVOKING Heroism.
 10539 | Lair:4   | 10539 ||| SWAPPING to +0 morningstar.
 10540 | Lair:4   | 10540 ||| INVOKING Finesse.
 10544 | Lair:4   | Killed a six-headed hydra
 10545 | Lair:4   | Reached XP level 13. HP: 70/82 MP: 11/20
 10545 | Lair:4   | 10545 ||| SWAPPING to +6 war axe of the Teaching Visionary
                  | {drain, Int+2 Dex+2}.
 10548 | Lair:4   | 10548 ||| Stepping ~*~*~tactically~*~*~ (stealth).
 10549 | Lair:4   | 10549 ||| Stepping ~*~*~tactically~*~*~ (stealth).
 10553 | Lair:4   | 10553 ||| Stepping ~*~*~tactically~*~*~ (stealth).
 10554 | Lair:4   | 10554 ||| Stepping ~*~*~tactically~*~*~ (stealth).
 10556 | Lair:4   | 10556 ||| Stepping ~*~*~tactically~*~*~ (stealth).
 10647 | Lair:4   | Found a staircase to the Slime Pits.
 10717 | Lair:4   | Found a viscous altar of Jiyva.
 10719 | Lair:4   | 10719 ||| Stepping ~*~*~tactically~*~*~ (hiding).
 10745 | Lair:4   | 10745 ||| Stepping ~*~*~tactically~*~*~ (stealth).
 10771 | Lair:4   | Reached skill level 13 in Axes
 10791 | Lair:4   | 10791 ||| FLEEEEING.
 10827 | Lair:4   | 10827 ||| INVOKING Heroism.
 10830 | Lair:4   | 10830 ||| INVOKING Finesse.
 10831 | Lair:4   | 10831 ||| SWAPPING to +0 morningstar.
 10832 | Lair:4   | 10832 ||| INVOKING Finesse.
 10840 | Lair:4   | 10840 ||| SWAPPING to +6 war axe of the Teaching Visionary
                  | {drain, Int+2 Dex+2}.
 10984 | Lair:4   | Identified the -1 cloak of Xoimp {Rampage rElec rC-}
 10997 | Lair:4   | 10997 ||| Stepping ~*~*~tactically~*~*~ (stealth).
 10999 | Lair:4   | 10999 ||| Stepping ~*~*~tactically~*~*~ (hiding).
 11006 | Lair:4   | 11006 ||| INVOKING Heroism.
 11007 | Lair:4   | 11007 ||| INVOKING Finesse.
 11008 | Lair:4   | 11008 ||| INVOKING Finesse.
 11062 | Lair:4   | 11062 ||| Stepping ~*~*~tactically~*~*~ (stealth).
 11142 | Lair:4   | 11142 ||| Stepping ~*~*~tactically~*~*~ (stealth).
 11144 | Lair:4   | 11144 ||| Stepping ~*~*~tactically~*~*~ (stealth).
 11193 | Lair:4   | 11193 ||| INVOKING Heroism.
 11259 | Lair:4   | Found a runed translucent door.
 11267 | Lair:4   | Noticed qw's ghost (journeyman GrFi)
 11272 | Lair:4   | 11272 ||| Stepping ~*~*~tactically~*~*~ (hiding).
 11629 | Lair:4   | 11629 ||| DROPPING -1 cloak of Xoimp {Rampage rElec rC-}.
 11630 | Lair:4   | 11630 ||| READING 6 scrolls of identify.
 11630 | Lair:4   | 11630 ||| IDENTIFYING smoky amethyst potion
 11631 | Lair:4   | 11631 ||| DROPPING potion of invisibility.
 11655 | Lair:5   | Entered Level 5 of the Lair of Beasts
 11659 | Lair:5   | 11659 ||| INVOKING Heroism.
 11660 | Lair:5   | 11660 ||| INVOKING Finesse.
 11680 | Lair:5   | 11680 ||| SWAPPING to +0 morningstar.
 11683 | Lair:5   | Received a gift from Okawaru
 11689 | Lair:5   | 11689 ||| STAIRDANCE
 11694 | Lair:4   | 11694 ||| SWAPPING to +6 war axe of the Teaching Visionary
                  | {drain, Int+2 Dex+2}.
 11906 | Lair:5   | 11906 ||| INVOKING Heroism.
 11909 | Lair:5   | Reached skill level 14 in Axes
 12017 | Lair:5   | 12017 ||| INVOKING Heroism.
 12018 | Lair:5   | 12018 ||| INVOKING Finesse.
 12021 | Lair:5   | 12021 ||| SWAPPING to +0 morningstar.
 12035 | Lair:5   | 12035 ||| SWAPPING to +6 war axe of the Teaching Visionary
                  | {drain, Int+2 Dex+2}.
 12047 | Lair:5   | HP: 14/83 [skyshark (11)]
 12048 | Lair:5   | 12048 ||| READING 8 scrolls of teleportation.
 12049 | Lair:5   | 12049 ||| DRINKING 4 potions of heal wounds.
 12050 | Lair:5   | 12050 ||| INVOKING Heroism.
 12060 | Lair:5   | Gained mutation: Your large and strong wings let you fly.
                  | [Gargoyle growth]
 12060 | Lair:5   | Reached XP level 14. HP: 36/88 MP: 14/21
 12245 | Lair:5   | Received a gift from Okawaru
 12334 | Lair:5   | Found a runed translucent gate.
 12334 | Lair:5   | Noticed qw's ghost (journeyman GrFi)
 12335 | Lair:5   | Found a runed translucent gate.
 12336 | Lair:5   | Found a runed translucent gate.
 12338 | Lair:5   | 12338 ||| INVOKING Heroism.
 12339 | Lair:5   | 12339 ||| INVOKING Finesse.
 12347 | Lair:5   | 12347 ||| SWAPPING to +0 morningstar.
 12353 | Lair:5   | 12353 ||| SWAPPING to +6 war axe of the Teaching Visionary
                  | {drain, Int+2 Dex+2}.
 12443 | Lair:5   | 12443 ||| Stepping ~*~*~tactically~*~*~ (stealth).
 12444 | Lair:5   | 12444 ||| Stepping ~*~*~tactically~*~*~ (stealth).
 12448 | Lair:5   | 12448 ||| Stepping ~*~*~tactically~*~*~ (stealth).
 12449 | Lair:5   | 12449 ||| Stepping ~*~*~tactically~*~*~ (stealth).
 12591 | Lair:5   | 12591 ||| INVOKING Heroism.
 12599 | Lair:5   | Received a gift from Okawaru
 12641 | Lair:5   | 12641 ||| Stepping ~*~*~tactically~*~*~ (hiding).
 12657 | Lair:5   | 12657 ||| INVOKING Heroism.
 12658 | Lair:5   | 12658 ||| INVOKING Finesse.
 12667 | Lair:5   | 12667 ||| SWAPPING to +0 morningstar.
 12675 | Lair:5   | 12675 ||| SWAPPING to +6 war axe of the Teaching Visionary
                  | {drain, Int+2 Dex+2}.
 12756 | Lair:5   | Reached skill level 15 in Axes
 12814 | Lair:5   | Found a runed translucent door.
 12816 | Lair:5   | 12816 ||| INVOKING Heroism.
 12850 | Lair:5   | 12850 ||| INVOKING Heroism.
 12948 | Lair:5   | 12948 ||| INVOKING Heroism.
 13022 | Lair:5   | 13022 ||| INVOKING Heroism.
 13369 | Lair:5   | 13369 ||| PLANNING D:1-11
 13369 | Lair:5   | 13369 ||| UPGRADING to +4 ring of protection.
 13371 | Lair:5   | 13371 ||| UPGRADING to +5 ring of evasion.
 13373 | Lair:5   | 13373 ||| DROPPING +6 ring of dexterity.
 13374 | Lair:5   | 13374 ||| UPGRADING to +4 ring of protection.
 13703 | D:9      | 13703 ||| READING 2 scrolls labelled QOASMO FOIVE.
 13704 | D:9      | 13704 ||| DROPPING scroll of magic mapping.
 13718 | D:10     | Entered Level 10 of the Dungeon
 13980 | D:10     | 13980 ||| Stepping ~*~*~tactically~*~*~ (stealth).
 14014 | D:10     | 14014 ||| Stepping ~*~*~tactically~*~*~ (stealth).
 14019 | D:10     | 14019 ||| FLEEEEING.
 14020 | D:10     | 14020 ||| FLEEEEING.
 14021 | D:10     | 14021 ||| FLEEEEING.
 14022 | D:10     | 14022 ||| FLEEEEING.
 14023 | D:10     | 14023 ||| FLEEEEING.
 14024 | D:10     | 14024 ||| FLEEEEING.
 14646 | D:11     | Identified the +0 buckler of Zef Zohy {rC+ Dex+2} (Okawaru
                  | gifted it to you on level 11 of the Dungeon)
 14646 | D:11     | Received a gift from Okawaru
 14734 | D:11     | 14734 ||| INVOKING Heroism.
 14908 | D:11     | Reached skill level 12 in Fighting
 15015 | D:11     | 15015 ||| INVOKING Heroism.
 15130 | D:11     | Found the +5 scythe "Finisher" {speed, execute}
 15723 | D:11     | 15723 ||| SWAPPING to +0 broad axe.
 15724 | D:11     | Found a staircase to the Orcish Mines.
 15727 | D:11     | 15727 ||| Stepping ~*~*~tactically~*~*~ (hiding).
 15753 | D:11     | 15753 ||| DROPPING +6 war axe of the Teaching Visionary
                  | {drain, Int+2 Dex+2}.
 15754 | D:11     | 15754 ||| READING 4 scrolls of enchant weapon.
 15754 | D:11     | 15754 ||| ENCHANTING +0 broad axe.
 15755 | D:11     | 15755 ||| READING 3 scrolls of enchant weapon.
 15755 | D:11     | 15755 ||| ENCHANTING +1 broad axe.
 15756 | D:11     | 15756 ||| READING 2 scrolls of enchant weapon.
 15756 | D:11     | 15756 ||| ENCHANTING +2 broad axe.
 15757 | D:11     | 15757 ||| READING scroll of enchant weapon.
 15757 | D:11     | 15757 ||| ENCHANTING +3 broad axe.
 15758 | D:11     | 15758 ||| Stepping ~*~*~tactically~*~*~ (stealth).
 15759 | D:11     | 15759 ||| Stepping ~*~*~tactically~*~*~ (stealth).
 15760 | D:11     | 15760 ||| READING scroll of brand weapon.
 15760 | D:11     | 15760 ||| BRANDING +4 broad axe.
 15873 | D:11     | 15873 ||| PLANNING D
 15973 | D:11     | 15973 ||| UPGRADING to scarf of repulsion.
 15983 | D:11     | 15983 ||| READING 2 scrolls labelled TOOGHIUGHA.
 16084 | D:11     | 16084 ||| READING scroll labelled XIAFEL HEOS.
 16139 | D:11     | 16139 ||| DROPPING scroll of silence.
 16255 | D:12     | 16255 ||| Stepping ~*~*~tactically~*~*~ (stealth).
 16713 | D:12     | 16713 ||| INVOKING Heroism.
 16784 | D:12     | Noticed Nergalle
 16785 | D:12     | 16785 ||| Stepping ~*~*~tactically~*~*~ (hiding).
 16803 | D:12     | Killed Nergalle
 16992 | D:12     | 16992 ||| DROPPING ring of willpower.
 17022 | D:13     | Noticed Rupert
 17023 | D:13     | 17023 ||| INVOKING Heroism.
 17031 | D:13     | Killed Rupert
 17032 | D:13     | Reached XP level 15. HP: 94/96 MP: 20/22
 17215 | D:13     | Reached skill level 6 in Throwing
 17228 | D:13     | 17228 ||| Stepping ~*~*~tactically~*~*~ (hiding).
 17230 | D:13     | 17230 ||| Stepping ~*~*~tactically~*~*~ (hiding).
 17289 | D:13     | 17289 ||| Stepping ~*~*~tactically~*~*~ (stealth).
 17291 | D:13     | 17291 ||| Stepping ~*~*~tactically~*~*~ (hiding).
 17298 | D:13     | Noticed Maurice
 17314 | D:13     | Killed Maurice
 17441 | D:13     | 17441 ||| Stepping ~*~*~tactically~*~*~ (stealth).
 17501 | D:13     | 17501 ||| Stepping ~*~*~tactically~*~*~ (hiding).
 17541 | D:13     | 17541 ||| INVOKING Heroism.
 17770 | D:13     | 17770 ||| INVOKING Heroism.
 18100 | D:13     | 18100 ||| Stepping ~*~*~tactically~*~*~ (hiding).
 18190 | D:13     | Reached skill level 16 in Axes
 18193 | D:13     | 18193 ||| INVOKING Heroism.
 18711 | D:14     | 18711 ||| Stepping ~*~*~tactically~*~*~ (hiding).
 18712 | D:14     | 18712 ||| Stepping ~*~*~tactically~*~*~ (hiding).
 18803 | D:14     | 18803 ||| Stepping ~*~*~tactically~*~*~ (hiding).
 18804 | D:14     | 18804 ||| Stepping ~*~*~tactically~*~*~ (hiding).
 18870 | D:14     | 18870 ||| READING scroll of enchant weapon.
 18870 | D:14     | 18870 ||| ENCHANTING +4 broad axe of venom.
 18897 | D:14     | 18897 ||| INVOKING Heroism.
 19076 | D:14     | Found a blossoming altar of Fedhas.
 19104 | D:14     | 19104 ||| Stepping ~*~*~tactically~*~*~ (hiding).
 19225 | D:14     | 19225 ||| INVOKING Heroism.
 19242 | D:14     | 19242 ||| Stepping ~*~*~tactically~*~*~ (hiding).
 19275 | D:14     | Found a gate to the Vaults.
 19298 | D:14     | 19298 ||| Stepping ~*~*~tactically~*~*~ (hiding).
 19299 | D:14     | 19299 ||| Stepping ~*~*~tactically~*~*~ (hiding).
 19374 | D:14     | Received a gift from Okawaru
 19742 | D:14     | 19742 ||| UPGRADING to +2 buckler of resistance.
 19752 | D:14     | 19752 ||| DROPPING +0 buckler of Zef Zohy {rC+ Dex+2}.
 19753 | D:14     | 19753 ||| READING 11 scrolls of identify.
 19753 | D:14     | 19753 ||| IDENTIFYING sapphire potion
 19794 | D:15     | Entered Level 15 of the Dungeon
 19857 | D:15     | 19857 ||| INVOKING Heroism.
 19858 | D:15     | 19858 ||| INVOKING Finesse.
 19862 | D:15     | 19862 ||| Stepping ~*~*~tactically~*~*~ (hiding).
 19864 | D:15     | 19864 ||| SWAPPING to +0 morningstar.
 19870 | D:15     | 19870 ||| SWAPPING to +5 broad axe of venom.
 19956 | D:15     | Noticed Nessos
 19957 | D:15     | 19957 ||| Stepping ~*~*~tactically~*~*~ (hiding).
 19958 | D:15     | 19958 ||| INVOKING Finesse.
 19970 | D:15     | Killed Nessos
 19994 | D:15     | 19994 ||| Stepping ~*~*~tactically~*~*~ (stealth).
 20007 | D:15     | 20007 ||| Stepping ~*~*~tactically~*~*~ (stealth).
 20052 | D:15     | 20052 ||| Stepping ~*~*~tactically~*~*~ (hiding).
 20054 | D:15     | 20054 ||| Stepping ~*~*~tactically~*~*~ (hiding).
 20057 | D:15     | 20057 ||| Stepping ~*~*~tactically~*~*~ (hiding).
 20058 | D:15     | 20058 ||| Stepping ~*~*~tactically~*~*~ (hiding).
 20059 | D:15     | 20059 ||| INVOKING Heroism.
 20077 | D:15     | Reached skill level 17 in Axes
 20086 | D:15     | 20086 ||| Stepping ~*~*~tactically~*~*~ (hiding).
 20088 | D:15     | 20088 ||| Stepping ~*~*~tactically~*~*~ (hiding).
 20089 | D:15     | 20089 ||| Stepping ~*~*~tactically~*~*~ (hiding).
 20092 | D:15     | 20092 ||| Stepping ~*~*~tactically~*~*~ (hiding).
 20170 | D:15     | Found Awaem's Antique Armour Shop.
 20179 | D:15     | 20179 ||| BUYING glowing plate armour (728 gold).
 20179 | D:15     | Bought a glowing plate armour for 728 gold pieces
 20184 | D:15     | 20184 ||| INVOKING Heroism.
 20196 | D:15     | Found Zimmix's Book Shop.
 20202 | D:15     | 20202 ||| READING scroll of enchant weapon.
 20202 | D:15     | 20202 ||| ENCHANTING +5 broad axe of venom.
 20238 | D:15     | Found Nuroa's General Store.
 20261 | D:15     | 20261 ||| BUYING potion of mutation (136 gold).
 20261 | D:15     | Bought a potion of mutation for 136 gold pieces
 20261 | D:15     | 20261 ||| BUYING scroll of enchant armour (127 gold).
 20261 | D:15     | Bought a scroll of enchant armour for 127 gold pieces
 20261 | D:15     | 20261 ||| READING scroll of enchant armour.
 20261 | D:15     | 20261 ||| ENCHANTING +0 helmet.
 20326 | D:15     | Found a hide-covered altar of Uskayaw.
 20345 | D:15     | 20345 ||| Stepping ~*~*~tactically~*~*~ (hiding).
 20346 | D:15     | 20346 ||| Stepping ~*~*~tactically~*~*~ (hiding).
 20386 | D:15     | 20386 ||| Stepping ~*~*~tactically~*~*~ (hiding).
 20512 | D:15     | Found Ojaq's Magic Scroll Shop.
 20521 | D:15     | 20521 ||| BUYING scroll of enchant weapon (120 gold).
 20521 | D:15     | Bought a scroll of enchant weapon for 120 gold pieces
 20521 | D:15     | 20521 ||| READING scroll of enchant weapon.
 20521 | D:15     | 20521 ||| ENCHANTING +6 broad axe of venom.
 20607 | D:15     | 20607 ||| Stepping ~*~*~tactically~*~*~ (hiding).
 20608 | D:15     | 20608 ||| Stepping ~*~*~tactically~*~*~ (hiding).
 20616 | D:15     | 20616 ||| FLEEEEING.
 20617 | D:15     | 20617 ||| FLEEEEING.
 20620 | D:15     | Found Uxkit's Weapon Emporium.
 20626 | D:15     | 20626 ||| FLEEEEING.
 20627 | D:15     | 20627 ||| FLEEEEING.
 20628 | D:15     | 20628 ||| FLEEEEING.
 20629 | D:15     | 20629 ||| FLEEEEING.
 20630 | D:15     | 20630 ||| Stepping ~*~*~tactically~*~*~ (hiding).
 20631 | D:15     | 20631 ||| Stepping ~*~*~tactically~*~*~ (hiding).
 20632 | D:15     | 20632 ||| Stepping ~*~*~tactically~*~*~ (hiding).
 20633 | D:15     | 20633 ||| Stepping ~*~*~tactically~*~*~ (hiding).
 20635 | D:15     | 20635 ||| Stepping ~*~*~tactically~*~*~ (hiding).
 20718 | D:15     | 20718 ||| Stepping ~*~*~tactically~*~*~ (stealth).
 20739 | D:15     | 20739 ||| Stepping ~*~*~tactically~*~*~ (stealth).
 20761 | D:15     | Found a staircase to the Depths.
 20826 | D:15     | Reached XP level 16. HP: 104/104 MP: 23/23
 20838 | D:15     | 20838 ||| Stepping ~*~*~tactically~*~*~ (stealth).
 20841 | D:15     | 20841 ||| Stepping ~*~*~tactically~*~*~ (hiding).
 20902 | D:15     | 20902 ||| PLANNING ORC
 20902 | D:15     | 20902 ||| UPGRADING to +3 plate armour of positive energy.
 20912 | D:15     | 20912 ||| DROPPING +0 plate armour.
 21033 | Orc:1    | Entered Level 1 of the Orcish Mines
 21037 | Orc:1    | 21037 ||| STAIRDANCE
 21090 | D:11     | 21090 ||| DROPPING +0 morningstar.
 21094 | Orc:1    | 21094 ||| STAIRDANCE
 21163 | Orc:1    | 21163 ||| Stepping ~*~*~tactically~*~*~ (stealth).
 21236 | Orc:1    | 21236 ||| Stepping ~*~*~tactically~*~*~ (hiding).
 21240 | Orc:1    | Noticed Harold
 21244 | Orc:1    | Noticed Erolcha
 21268 | Orc:1    | Killed Harold
 21271 | Orc:1    | 21271 ||| Stepping randomly (disturbance).
 21272 | Orc:1    | 21272 ||| Stepping randomly (disturbance).
 21291 | Orc:1    | Killed Erolcha
 21398 | Orc:1    | You are sucked into a shaft and drop 1 floor!
 21398 | Orc:2    | Entered Level 2 of the Orcish Mines
 21408 | Orc:2    | 21408 ||| INVOKING Heroism.
 21409 | Orc:2    | 21409 ||| INVOKING Finesse.
 21437 | Orc:2    | Reached skill level 12 in Armour
 21586 | Orc:1    | 21586 ||| DROPPING +2 heavy morningstar.
 21678 | Orc:1    | Found a runed translucent door.
 21681 | Orc:1    | Noticed Urug
 21682 | Orc:1    | 21682 ||| INVOKING Heroism.
 21683 | Orc:1    | Noticed Erica
 21693 | Orc:1    | Killed Urug
 21697 | Orc:1    | Killed Erica
 21844 | Orc:1    | 21844 ||| Stepping ~*~*~tactically~*~*~ (hiding).
 21890 | Orc:1    | Noticed qw's ghost (adept GrFi)
 21928 | Orc:1    | 21928 ||| Stepping ~*~*~tactically~*~*~ (hiding).
 21931 | Orc:1    | 21931 ||| INVOKING Heroism.
 22167 | Orc:2    | Found Gaag's Jewellery Emporium.
 22170 | Orc:2    | 22170 ||| INVOKING Heroism.
 22191 | Orc:2    | 22191 ||| INVOKING Heroism.
 22229 | Orc:2    | 22229 ||| BUYING +5 ring of evasion (432 gold).
 22229 | Orc:2    | Bought a +5 ring of evasion for 432 gold pieces
 22229 | Orc:2    | 22229 ||| SHOPLISTING amulet "Uresurr" {Faith Dex+2} (614
                  | gold, have 277).
 22229 | Orc:2    | 22229 ||| SHOPLISTING ring of protection from cold (300
                  | gold, have 277).
 22264 | Orc:2    | 22264 ||| UPGRADING to +5 ring of evasion.
 22266 | Orc:2    | 22266 ||| DROPPING +4 ring of protection.
 22390 | Orc:2    | 22390 ||| Stepping ~*~*~tactically~*~*~ (hiding).
 22391 | Orc:2    | 22391 ||| INVOKING Heroism.
 22393 | Orc:2    | Found a staircase to the Elven Halls.
 22692 | Orc:2    | 22692 ||| INVOKING Heroism.
 22701 | Orc:2    | HP: 21/104 [orc priest/divine providence (14)]
 22701 | Orc:2    | HP: 7/104 [orc priest/divine providence (14)]
 22702 | Orc:2    | 22702 ||| READING 11 scrolls of teleportation.
 22702 | Orc:2    | Killed from afar by an orc priest

Levels and vault maps discovered:
D:1:      minmay_arrival_five_plusses, layout_basic,
          hellmonk_ecumenical_altar_slurped_away, serial_forest,
          infiniplex_forest_zigzag_1, infiniplex_forest_clump_small,
          infiniplex_forest_clump_tiny, infiniplex_forest_lined_ring,
          infiniplex_forest_end_2, infiniplex_forest_clump_double,
          infiniplex_forest_end_2, infiniplex_forest_clump_cross,
          infiniplex_forest_end_3, item_on_display_a
D:2:      layout_rooms, serial_shops, nicolae_shop_stone, uniq_robin
D:3:      layout_rooms, gup_sewer_entry_spiral, uniq_natasha
D:4:      layout_loops_ring, minmay_manual_monstrance, uniq_ijyb, uniq_pikel
D:5:      layout_basic, gammafunk_ghost_necromancy, nicolae_grassy_gnolls,
          uniq_grinder
D:6:      hangedman_cross_stitches, layout_loops_ring, hellmonk_no_cap,
          uniq_menkaure
D:7:      layout_loops_ring, nicolae_overflow_hallway_of_the_gods,
          minmay_temple_entry_stoned_glass, serial_shops, shop, uniq_maggie
D:8:      layout_loops_ring, dpeg_oklobed_lair, serial_shops,
          nicolae_take_the_stairs, minmay_crystal_water,
          kennysheep_small_square, uniq_gastronok
D:9:      layout_loops_ring, mainiacjoe_overflow_paths, moated_statue,
          hangedman_abyss_or_decor_passed, uniq_joseph
D:10:     layout_stronghold
D:11:     layout_stronghold, minmay_orc_entry_temple_small, chequers_big_river,
          minmay_guarded_unrand_finisher
D:12:     layout_loops_ring, uniq_nergalle
D:13:     layout_basic, serial_demonic, serial_demonic_e, serial_demonic_f,
          serial_demonic_a, serial_demonic_a, uniq_rupert, uniq_maurice
D:14:     layout_basic, grunt_vaults_entry_fortified, fedhas_altar_1
D:15:     grunt_enter_depths_magical_seal, layout_cave_pools, serial_shops,
          shop, shop, nicolae_book_shop_shelving, nicolae_shop_peninsula,
          shop_fountains, nicolae_uskayaw_dance_hall,
          hangedman_decor_peaks_small, grunt_ministairs_6, uniq_nessos
Temple:   nicolae_temple_superstar
Lair:1:   layout_cave_pods, grunt_megastairs_4, lemuel_fruit_tree,
          infiniplex_staircase_pool
Lair:2:   layout_cave_shapes, elwin_shoals_entry_rocks, basic_altar
Lair:3:   layout_regular_city, dummy_spider_entry, grunt_megastairs_1,
          lemuel_fruit_fields
Lair:4:   layout_misc_corridors, slime_entry_1, ebering_ghost_reflecting_pool,
          patterned_corridor
Lair:5:   wormcave, layout_cave_shapes, ebering_ghost_rock_garden,
          hangedman_lair_generics_rect
Orc:1:    layout_caves, ebering_ghost_reflecting_pool, uniq_urug, uniq_erica,
          uniq_erolcha, uniq_harold
Orc:2:    st_orc_pillars, layout_caves, serial_shops, shop, minmay_orc_temple_a

Skill      XL: |  1  2  3  4  5  6  7  8  9 10 11 12 13 14 15 16 |
---------------+-------------------------------------------------+-----
Axes           | 2 3 4 5 12 14 15 17 | 17.4
Fighting       | 4 6 8 10 12 13 | 13.0
Dodging        | 7 |  7.8
Throwing       | 2 3 4 5 7 |  7.0
Armour         | 4 5 7 9 10 11 12 | 12.0
Shields        | 5 6 7 8 |  8.1
Invocations    | 3 5 9 10 | 10.0

Action                     |  1- 3 |  4- 6 |  7- 9 | 10-12 | 13-15 | 16-18 || total
---------------------------+-------+-------+-------+-------+-------+-------++-------
  Melee: War axe           |   111 |   106 |   184 |   485 |   457 |       ||  1343
         Morningstar       |       |       |       |     4 |    48 |       ||    52
         Broad axe         |       |       |       |       |   409 |   196 ||   605
  Throw: Javelin           |       |       |    14 |    53 |   158 |    16 ||   241
         Boomerang         |       |       |     9 |    77 |    28 |       ||   114
 Invoke: Heroism           |       |       |       |    15 |    26 |     7 ||    48
         Finesse           |       |       |       |     1 |     8 |     1 ||    10
    Use: Scroll            |     3 |     5 |     4 |     6 |    15 |     1 ||    34
         Potion            |     2 |     3 |     2 |     2 |     1 |       ||    10
   Stab: Distracted        |       |       |     1 |       |       |       ||     1
         Petrified         |       |       |       |       |     4 |       ||     4
         Petrifying        |       |       |       |       |     3 |       ||     3
 Armour: Scale mail        |    70 |       |       |       |       |       ||    70
         Chain mail        |    15 |    75 |    74 |    91 |       |       ||   255
         Plate armour      |       |       |       |   109 |   391 |    71 ||   571
  Dodge: Dodged            |    67 |    52 |    92 |   193 |   366 |    92 ||   862
         Repelled          |       |       |       |       |     4 |     1 ||     5
  Block: Buckler           |    22 |    16 |    37 |   104 |   317 |    66 ||   562
         Reflection        |       |       |       |       |    39 |       ||    39

Table legend:
 A = Non-vault XP
 B = Vault XP
 C = Vault XP percentage of total XP
 D = Non-vault monster count
 E = Vault monster count
 F = Vault count percentage of total count
                 A         B        C        D         E       F
            +---------+---------+-------+---------+---------+-------
      Total |  102272 |   41843 |  29.0 |     557 |     197 |  26.1
            +---------+---------+-------+---------+---------+-------
        D:1 |      78 |       2 |   2.5 |      39 |       1 |   2.5
        D:2 |      50 |      37 |  42.5 |      14 |      12 |  46.2
        D:3 |     103 |      67 |  39.4 |      22 |       7 |  24.1
        D:4 |     547 |     769 |  58.4 |      31 |       7 |  18.4
        D:5 |    1128 |     454 |  28.7 |      24 |       6 |  20.0
        D:6 |    1034 |    1796 |  63.5 |      20 |      14 |  41.2
        D:7 |     984 |     379 |  27.8 |      16 |       1 |   5.9
        D:8 |    1223 |    1665 |  57.7 |      16 |       4 |  20.0
        D:9 |    3239 |     486 |  13.0 |      38 |       1 |   2.6
       D:10 |    3118 |       0 |   0.0 |      22 |       0 |   0.0
       D:11 |    4171 |    1699 |  28.9 |      26 |      11 |  29.7
       D:12 |    3082 |     775 |  20.1 |      13 |       1 |   7.1
       D:13 |    8728 |    6567 |  42.9 |      23 |      13 |  36.1
       D:14 |    4623 |    5863 |  55.9 |       7 |      10 |  58.8
       D:15 |   14204 |    6646 |  31.9 |      23 |      12 |  34.3
     Lair:1 |    7047 |     433 |   5.8 |      24 |       2 |   7.7
     Lair:2 |    3241 |       0 |   0.0 |      12 |       0 |   0.0
     Lair:3 |    5420 |     147 |   2.6 |      19 |       1 |   5.0
     Lair:4 |   15405 |       0 |   0.0 |      49 |       0 |   0.0
     Lair:5 |   15874 |    9649 |  37.8 |      40 |      24 |  37.5
      Orc:1 |    2919 |    3370 |  53.6 |      42 |       4 |   8.7
      Orc:2 |    6054 |     864 |  12.5 |      37 |      31 |  45.6
      Sewer |       0 |     175 | 100.0 |       0 |      35 | 100.0
            +---------+---------+-------+---------+---------+-------
